 Seeded DCSS version 0.29-a0-838-g385bb11a5b (webtiles) character file.

Game seed: 8897551386731462229 (custom seed)

58969 wilfster70 the Messiah (level 14, 0/140 HPs)
             Began as a Hill Orc Fighter on July 14, 2022.
             Was the Champion of Beogh.
             Slain by an entropy weaver simulacrum (4 damage)
             ... on level 14 of the Dungeon.
             The game lasted 00:42:58 (17575 turns).

wilfster70 the Messiah (Hill Orc Fighter)          Turns: 17575, Time: 00:42:59

Health: 0/140      AC: 27    Str: 24    XL:     14   Next: 92%
Magic:  28/28      EV: 11    Int:  8    God:    Beogh [******]
Gold:   3359       SH:  4    Dex: 10    Spells: 13/13 levels left

rFire   + + .      SeeInvis +   a - +3 broad axe (elec)
rCold   . . .      Faith    .   l - +0 buckler {reflect}
rNeg    . . .      Spirit   .   h - +0 plate armour
rPois   .          Reflect  +   (no helmet)
rElec   .          Harm     .   A - +1 cloak
rCorr   .          Rampage  .   W - +1 pair of gloves of the Fisher {rF++}
Will    ++...                   P - +2 pair of boots
Stlth   ..........              Q - amulet of regeneration
HPRegen 1.13/turn               c - +4 ring of protection
MPRegen 0.21/turn               T - ring "Aluwou" {Will+ EV+4 SInv}

@: no status effects
A: walk on water
a: Renounce Religion, Smiting, Recall Orcish Followers, Give Item to Named
Follower, Resurrection


You were on level 14 of the Dungeon.
You worshipped Beogh.
Beogh was exalted by your worship.
You visited 2 branches of the dungeon, and saw 20 of its levels.
You also visited: Ossuary and Bailey.

You collected 3359 gold pieces.

Inventory:

Hand Weapons
 a - a +3 broad axe of electrocution (weapon)
 b - a +1 demon whip of venom
 u - a +2 halberd of venom
 M - the +8 sling of Risukash {freeze, Dex+2}
   (You found it in a bailey)

   Any ammunition fired from it freezes those it strikes, dealing additional
   cold damage.
   It can also slow down cold-blooded creatures.
   Dex:       It affects your dexterity (+2).
 R - a +0 halberd
 V - a +1 vorpal trident
Missiles
 f - 4 javelins (quivered)
 t - 2 throwing nets
Armour
 h - a +0 plate armour (worn)
 l - a +0 buckler of reflection (worn)
 A - a +1 cloak (worn)
 P - a +2 pair of boots (worn)
 W - the +1 pair of gloves of the Fisher (worn) {rF++}
   (You acquired it on level 5 of the Lair of Beasts)

   rF:        It greatly protects you from fire.
Jewellery
 c - a +4 ring of protection (left hand)
 y - a ring of fire
 Q - an amulet of regeneration (around neck)
 T - the ring "Aluwou" (right hand) {Will+ EV+4 SInv}
   (You acquired it on level 9 of the Dungeon)

   [ring of evasion]

   EV:        It affects your evasion (+4).
   SInv:      It lets you see invisible.
   Will:      It increases your willpower.
 U - a ring of ice
Wands
 k - a wand of mindburst (19)
 z - a wand of charming (21)
 C - a wand of digging (9)
 E - a wand of roots (11)
 F - a wand of light (13)
 I - a wand of flame (31)
Scrolls
 i - 4 scrolls of poison {unknown}
 j - 7 scrolls of magic mapping
 m - 17 scrolls of teleportation
 o - 4 scrolls of vulnerability {unknown}
 p - 6 scrolls of amnesia {unknown}
 q - 4 scrolls of enchant weapon {unknown}
 r - a scroll of identify
 s - 6 scrolls of blinking
 w - 5 scrolls of fear {unknown}
 O - a scroll of silence
Potions
 d - 5 potions of might
 e - 19 potions of curing
 g - 2 potions of berserk rage {unknown}
 n - a potion of brilliance
 v - 4 potions of mutation
 x - 4 potions of flight
 B - 4 potions of haste
 D - 6 potions of lignification
 G - 4 potions of resistance
 J - 3 potions of invisibility
 K - 2 potions of magic
 L - 5 potions of heal wounds
 N - 2 potions of ambrosia
Miscellaneous
 H - a tin of tremorstones (2/2)


   Skills:
 + Level 17.0 Fighting
 - Level 18.0 Axes
 + Level 10.5 Armour
 - Level 4.2 Shields
 + Level 21.2 Invocations


You had 13 spell levels left.
You didn't know any spells.
Your spell library contained the following spells:

 Spells                   Type           Power      Damage    Failure   Level
 Apportation              Tloc           0%         N/A       99%         1
 Necrotise                Necr           0%         1d4       99%         1
 Summon Small Mammal      Summ           0%         N/A       99%         1
 Blink                    Tloc           0%         N/A       100%        2
 Ensorcelled Hibernation  Hex/Ice        0%         N/A       100%        2
 Passwall                 Tmut/Erth      0%         N/A       100%        2
 Poisonous Vapours        Pois/Air       0%         N/A       100%        2
 Gell's Gravitas          Tloc           0%         N/A       100%        3
 Portal Projectile        Hex/Tloc       0%         N/A       100%        3
 Swiftness                Air            0%         N/A       100%        3
 Teleport Other           Tloc           0%         N/A       100%        3
 Tukima's Dance           Hex            0%         N/A       100%        3
 Corpse Rot               Necr/Pois/Air  0%         N/A       100%        4
 Summon Ice Beast         Ice/Summ       0%         N/A       100%        4
 Alistair's Intoxication  Tmut/Pois      0%         N/A       100%        5
 Blade Hands              Tmut           0%         N/A       100%        5
 Manifold Assault         Tloc           0%         N/A       100%        5
 Summon Mana Viper        Hex/Summ       0%         N/A       100%        5
 Dispersal                Tloc           0%         N/A       100%        6
 Monstrous Menagerie      Summ           0%         N/A       100%        7
 Storm Form               Tmut/Air       0%         N/A       100%        7
 Borgnjor's Revivificati  Necr           0%         N/A       100%        8
 Disjunction              Tloc           0%         N/A       100%        8
 Necromutation            Tmut/Necr      0%         N/A       100%        8
 Death's Door             Necr           0%         N/A       100%        9


Dungeon Overview and Level Annotations

Branches:
Dungeon (14/15)            Temple (0/1) D:7            Lair (6/6) D:10
 Shoals (0/4) Lair:4       Spider (0/4) Lair:3        Slime (0/5) Lair:5
    Orc (0/2) D:12         Vaults (0/5) D:13        Ossuary (visited)
 Bailey (visited)

Altars:
Cheibriados
Fedhas
Gozag
Hepliaklqana
Kikubaaqudgha
Makhleb
Ru
Trog
Vehumet
Xom
Yredelemnul
The Shining One
Jiyva

Shops:
D:10 =

Portals:
Ice
Cave: D:14


Message History

The entropy weaver simulacrum is moderately damaged.
You slash the harpy simulacrum! The harpy simulacrum claws you.
The harpy simulacrum freezes you!
The harpy simulacrum closely misses you.
The harpy simulacrum claws you but does no damage. x2
The centaur warrior shoots an arrow.
The arrow hits you!
Grimold roars a battlecry!
Nordag goes into a battle-frenzy!
The entropy weaver simulacrum closely misses you.
The entropy weaver simulacrum completely misses you.
The entropy weaver simulacrum barely misses you.
The entropy weaver simulacrum misses you.
You slice the harpy simulacrum!!
Lightning courses through the harpy simulacrum!
The harpy simulacrum vaporises!
Beogh accepts your kill.
You miss the spriggan defender simulacrum.
You barely miss the entropy weaver simulacrum.
You slash the entropy weaver simulacrum!
Lightning courses through the entropy weaver simulacrum!
The centaur warrior shoots an arrow.
The arrow hits you.
The entropy weaver simulacrum hits you but does no damage. x2
The entropy weaver simulacrum barely misses you.
The entropy weaver simulacrum closely misses you.
The entropy weaver simulacrum hits you but does no damage.
You block the entropy weaver simulacrum's attack.
The entropy weaver simulacrum barely misses you.
The entropy weaver simulacrum hits you but does no damage.
The spriggan defender simulacrum hits you!
The spriggan defender simulacrum freezes you!!!
You are too injured to fight recklessly!
You are too injured to fight recklessly!
You swap places.
The entropy weaver simulacrum attacks as you move away!
The entropy weaver simulacrum hits you.
* * * LOW HITPOINT WARNING * * *
The entropy weaver simulacrum freezes you!!!
* * * LOW HITPOINT WARNING * * *
The entropy weaver simulacrum hits you.
You die...

..#...#.####......#
#######...>..)....#
######......#
####.### #.#
######.# #.o....#
###.#######
#..@○......
#..ZZZ......
........Z..$...
.c.##..Z....... ..
#...Z...... #
#..........
#....∩.....
###......##


You could see a centaur warrior, an alligator simulacrum, a spriggan defender
simulacrum, 4 entropy weaver simulacra, the friendly Nordag the orc warlord
(strong) and the friendly Grimold the orc knight.

Vanquished Creatures
  A dire elephant (Lair:6)
  Josephine (Lair:6)
  A hydra (Lair:6)
  Fannar (D:10)
  Harold (D:10)
  A boulder beetle (D:12)
  6 death yaks
  A two-headed ogre (D:8)
  An orc high priest (Bailey)
  A skeletal warrior (D:9)
  Amaemon (D:8)
  Pikel (D:5)
  A deep elf pyromancer (D:12)
  The ghost of Torious the Destroyer, a novice DECj of Sif Muna (D:7)
  A cyclops (D:12)
  A manticore (D:11)
  2 ugly things
  8 elephants
  A black mamba (Lair:5)
  2 unseen horrors
  An orange demon (D:8)
  12 cane toads
  A rime drake (Lair:2)
  6 komodo dragons
  3 kobold demonologists
  2 trolls (D:12)
  A polar bear (Lair:6)
  A tyrant leech (Lair:6)
  2 hornets (D:9)
  6 blink frogs
  2 slime creatures (D:12)
  5 wraiths
  2 culicivoras (Lair:3)
  40 yaks
  3 wyverns
  A steam dragon (D:9)
  2 basilisks
  Menkaure (D:7)
  A harpy simulacrum (D:14)
  8 water moccasins
  A sky beast (D:7)
  7 orc warriors (Bailey)
  3 black bears
  2 ogres
  3 ice beasts (D:6)
  11 wolves (Lair:6)
  A phantom (D:6)
  5 centaurs
  An elf zombie (Ossuary)
  Blork the orc (D:5)
  4 kobold brigands
  10 bullfrogs
  The ghost of MarshatheCat the Changer, an amateur FeTm (D:4)
  A gnoll sergeant (D:9)
  2 scorpions
  A necrophage (D:7)
  A water moccasin zombie (D:4)
  5 wights (D:7)
  8 killer bees
  2 electric eels
  2 howler monkeys (D:10)
  3 centaur zombies (Ossuary)
  A bullfrog skeleton (D:4)
  3 orc priests (D:6)
  3 hounds
  2 human zombies (Ossuary)
  Crazy Yiuf (D:6)
  A gnoll bouda (D:9)
  2 iguanas
  4 orc wizards
  4 hell rats (Lair:3)
  2 killer bee zombies (D:7)
  2 mummies (Ossuary)
  15 gnolls
  A howler monkey skeleton (D:4)
  12 adders
  A shadow imp (D:7)
  2 white imps (D:5)
  An adder zombie (Ossuary)
  3 worms
  2 dart slugs
  31 orcs
  4 bats
  10 endoplasms
  4 giant cockroaches
  7 goblins
  7 hobgoblins
  4 jackals (D:1)
  26 kobolds
  7 ball pythons
  7 frilled lizards
  3 goblin zombies (Ossuary)
  7 hobgoblin zombies (Ossuary)
  8 kobold zombies (Ossuary)
  10 orc zombies (Ossuary)
  A rat (D:3)
  A rat zombie (Ossuary)
408 creatures vanquished.

Vanquished Creatures (collateral kills)
  Snorg (D:10)
  2 hydras (Lair:6)
  2 dancing weapons (D:13)
  3 two-headed ogres
  7 death yaks
  2 deep elf pyromancers
  2 ugly things
  14 elephants
  6 black mambas
  2 gargoyles (D:12)
  9 cane toads
  A kobold demonologist (D:11)
  7 komodo dragons
  A rime drake (Lair:6)
  3 trolls
  4 polar bears
  2 tyrant leeches (Lair:6)
  12 blink frogs
  3 slime creatures (D:12)
  A hornet (D:10)
  A culicivora (Lair:3)
  6 wraiths
  A vampire (D:9)
  2 wyverns (Lair:5)
  21 yaks
  6 basilisks
  2 steam dragons
  5 vampire mosquitoes (Lair:6)
  7 water moccasins
  4 orc warriors
  A black bear (D:8)
  8 wolves (Lair:6)
  12 bullfrogs
  A kobold brigand (D:11)
  3 electric eels
  An orc priest (D:9)
  2 hell rats (Lair:3)
  4 gnolls (D:9)
  An orc (D:8)
  4 hobgoblins (Bailey)
  3 kobolds
  2 fungi
181 creatures vanquished.

Vanquished Creatures (others)
  An orc knight (D:10)
  6 orc warriors
  An acid dragon (D:10)
  An orc wizard (Lair:6)
  16 orcs
  34 fungi
  87 plants
146 creatures vanquished.

Grand Total: 735 creatures vanquished

Notes
Turn   | Place    | Note
-------+----------+-------------------------------------------
     0 | D:1      | wilfster70 the Hill Orc Fighter began the quest for the
                  | Orb.
     0 | D:1      | Reached XP level 1. HP: 19/19 MP: 1/1
    77 | D:1      | Reached XP level 2. HP: 27/27 MP: 2/2
   289 | D:1      | Identified a scroll of acquirement
   289 | D:1      | Acquired a +3 broad axe of electrocution
   700 | D:1      | Acquired a +0 buckler of reflection
   829 | D:2      | Reached XP level 3. HP: 33/33 MP: 3/3
   979 | D:2      | Found a faded altar of an unknown god.
  1014 | D:2      | Reached XP level 4. HP: 36/40 MP: 4/4
  1756 | D:3      | Reached XP level 5. HP: 47/47 MP: 5/5
  1883 | D:3      | Reached skill level 5 in Axes
  2164 | D:3      | Found a shimmering altar of Xom.
  2238 | D:3      | Found a bloodstained altar of Trog.
  2326 | D:3      | Became a worshipper of Beogh the Brigand
  2767 | D:4      | Reached skill level 1 in Invocations
  2767 | D:4      | Reached XP level 6. HP: 55/55 MP: 6/6
  2794 | D:4      | Found a hazy altar of Hepliaklqana.
  2811 | D:4      | Found an ancient bone altar of Kikubaaqudgha.
  2853 | D:4      | Found a transporter.
  2857 | D:4      | Found a transporter.
  2858 | D:4      | Noticed MarshatheCat's ghost (amateur FeTm)
  2866 | D:4      | Reached skill level 5 in Fighting
  2866 | D:4      | Killed MarshatheCat's ghost
  2872 | D:4      | Reached skill level 2 in Invocations
  2873 | D:4      | Reached XP level 7. HP: 59/61 MP: 6/8
  2994 | D:4      | Reached * piety under Beogh
  3002 | D:4      | Found an opulent altar of Gozag.
  3216 | D:4      | Found a burning altar of Makhleb.
  3328 | D:4      | Found a blossoming altar of Fedhas.
  3328 | D:4      | Found a snail-covered altar of Cheibriados.
  3400 | D:5      | Entered Level 5 of the Dungeon
  3485 | D:4      | Reached skill level 5 in Armour
  3540 | D:5      | Reached skill level 3 in Invocations
  3633 | D:5      | Noticed Pikel
  3648 | D:5      | Killed Pikel
  3649 | D:5      | Reached skill level 4 in Invocations
  3649 | D:5      | Reached XP level 8. HP: 70/70 MP: 9/11
  4090 | D:5      | Noticed Blork the orc
  4099 | D:5      | Killed Blork the orc
  4350 | D:6      | Reached ** piety under Beogh
  4441 | D:6      | Reached skill level 5 in Invocations
  4623 | D:6      | Found a runed translucent door.
  4624 | D:6      | Noticed Crazy Yiuf
  4628 | D:6      | Killed Crazy Yiuf
  4704 | D:6      | Found a sacrificial altar of Ru.
  4723 | D:6      | Reached XP level 9. HP: 79/79 MP: 13/13
  4729 | D:6      | Reached skill level 10 in Axes
  4983 | D:6      | Found a glowing golden altar of the Shining One.
  5015 | D:6      | Reached skill level 6 in Invocations
  5721 | D:7      | Found a staircase to the Ecumenical Temple.
  5744 | D:7      | Found a sand-covered staircase.
  5746 | D:7      | Noticed Menkaure
  5761 | D:7      | Killed Menkaure
  5776 | Ossuary  | Entered an ossuary
  5792 | Ossuary  | Reached *** piety under Beogh
  5907 | Ossuary  | Reached **** piety under Beogh
  5908 | Ossuary  | Reached skill level 7 in Invocations
  6327 | D:7      | Found a runed translucent gate.
  6327 | D:7      | Found a runed translucent gate.
  6327 | D:7      | Found a runed translucent gate.
  6327 | D:7      | Noticed Torious's ghost (novice DECj)
  6329 | D:7      | Found a basalt altar of Yredelemnul.
  6349 | D:7      | Killed Torious's ghost
  6350 | D:7      | Reached skill level 8 in Invocations
  6350 | D:7      | Reached XP level 10. HP: 82/90 MP: 14/16
  6956 | D:8      | Noticed Amaemon
  6956 | D:8      | Noticed an orange demon
  6963 | D:8      | Killed an orange demon
  6975 | D:8      | Killed Amaemon
  7037 | D:8      | Found a flagged portal.
  7086 | Bailey   | Entered a bailey
  7133 | Bailey   | Reached skill level 9 in Invocations
  7233 | Bailey   | Noticed an orc high priest
  7235 | Bailey   | Noticed a rust devil
  7235 | Bailey   | Noticed a rust devil
  7241 | Bailey   | Noticed a soul eater
  7241 | Bailey   | Noticed a sun demon
  7249 | Bailey   | Noticed a rust devil
  7250 | Bailey   | Killed an orc high priest
  7251 | Bailey   | Reached skill level 10 in Fighting
  7319 | Bailey   | Found an iron altar of Okawaru.
  7324 | Bailey   | Noticed a kobold demonologist
  7329 | Bailey   | Killed a kobold demonologist
  7330 | Bailey   | Reached XP level 11. HP: 97/99 MP: 18/18
  7354 | Bailey   | Identified the +8 sling of Risukash {freeze, Dex+2}
  7446 | Bailey   | Gained Nordag as an ally
  7503 | Bailey   | Reached ***** piety under Beogh
  7662 | D:8      | Noticed a two-headed ogre
  7668 | D:8      | Gained Grimold as an ally
  7673 | D:8      | Killed a two-headed ogre
  7674 | D:8      | Reached skill level 15 in Axes
  7674 | D:8      | Reached skill level 10 in Invocations
  8009 | D:9      | Acquired the -2 pair of gloves of the Tick {rC+}
  8276 | D:9      | Noticed a two-headed ogre
  8283 | D:9      | Killed a two-headed ogre
  8341 | D:9      | Gained Morbeogh as an ally
  8345 | D:9      | Acquired the ring "Aluwou" {Will+ EV+4 SInv}
  8401 | D:9      | Noticed a skeletal warrior
  8403 | D:9      | Your ally Morbeogh died
  8413 | D:9      | Killed a skeletal warrior
  8417 | D:9      | Found the +5 scythe "Finisher" {speed, eviscerate}
  8726 | D:10     | Entered Level 10 of the Dungeon
  8729 | D:10     | Found a radiant altar of Vehumet.
  8826 | D:10     | Reached skill level 11 in Invocations
  8856 | D:10     | Identified the +1 leather armour of Parlour Games {rN+
                  | Int-5 Dex+3 Slay-5}
  9099 | D:10     | Acquired a manual of Invocations
  9184 | D:10     | Found Dolleos's Jewellery Shoppe.
  9291 | D:10     | Noticed Snorg
  9297 | D:10     | Killed Snorg
  9381 | D:10     | Noticed Fannar
  9400 | D:10     | Killed Fannar
  9401 | D:10     | Reached XP level 12. HP: 61/110 MP: 20/20
  9509 | D:10     | Noticed Harold
  9521 | D:10     | Killed Harold
  9522 | D:10     | Reached skill level 12 in Invocations
  9602 | D:10     | Found a staircase to the Lair.
  9908 | D:11     | Gained Boderik as an ally
 10036 | D:11     | Noticed a two-headed ogre
 10042 | D:11     | Killed a two-headed ogre
 10068 | D:11     | Noticed a sun demon
 10072 | D:11     | Noticed a sun demon
 10276 | D:11     | Noticed a two-headed ogre
 10280 | D:11     | Killed a two-headed ogre
 10281 | D:11     | Reached skill level 13 in Invocations
 10581 | D:12     | Noticed a boulder beetle
 10585 | D:12     | Killed a boulder beetle
 10678 | D:12     | Found a staircase to the Orcish Mines.
 10724 | D:12     | Reached skill level 14 in Invocations
 10831 | D:12     | Acquired 593 gold pieces
 10882 | D:12     | Reached skill level 15 in Invocations
 11097 | Lair:1   | Entered Level 1 of the Lair of Beasts
 11449 | Lair:1   | Reached skill level 16 in Invocations
 11449 | Lair:1   | Reached XP level 13. HP: 116/122 MP: 23/25
 12140 | Lair:2   | Reached ****** piety under Beogh
 12235 | Lair:2   | Reached skill level 17 in Invocations
 12818 | Lair:3   | Reached skill level 18 in Invocations
 13181 | Lair:3   | Found a hole to the Spider Nest.
 13554 | Lair:4   | Found a staircase to the Shoals.
 13869 | Lair:4   | Reached skill level 15 in Fighting
 14119 | Lair:4   | Reached skill level 19 in Invocations
 14546 | Lair:5   | Reached XP level 14. HP: 86/135 MP: 27/27
 14562 | Lair:5   | Reached skill level 20 in Invocations
 14685 | Lair:5   | Found a viscous altar of Jiyva.
 14685 | Lair:5   | Found a staircase to the Slime Pits.
 15019 | Lair:5   | Acquired the +1 pair of gloves of the Fisher {rF++}
 15287 | Lair:6   | Entered Level 6 of the Lair of Beasts
 15491 | Lair:6   | Acquired 872 gold pieces
 16022 | Lair:6   | Noticed a dire elephant
 16046 | Lair:6   | Killed a dire elephant
 16047 | Lair:6   | Reached skill level 10 in Armour
 16059 | Lair:6   | Reached skill level 21 in Invocations
 16523 | Lair:6   | Noticed Josephine
 16535 | Lair:6   | Killed Josephine
 16925 | D:13     | Found a gate to the Vaults.
 17571 | D:14     | Found a frozen archway.
 17575 | D:14     | HP: 4/140 [entropy weaver simulacrum (36)]
 17575 | D:14     | Slain by an entropy weaver simulacrum

Illustrated notes

Levels and vault maps discovered:
D:1:      lemuel_arrival_behind_the_door_large, layout_basic, minivault_24,
          dreamdust_wishing_well, moated_statue, minmay_hedge_maze
D:2:      layout_basic, dreamdust_ecumenical_altar_grove, eino_tiny_chamber,
          minmay_joined_circles
D:3:      layout_loops_ring, bloody_trog, mainiacjoe_overflow_tiny_flanked,
          minmay_fractal_squares_gapless_5
D:4:      layout_basic, bloody_makhleb, lemuel_crystal_altar,
          gammafunk_temple_overflow_pools, grunt_temple_overflow_open,
          gammafunk_ghost_mausoleum
D:5:      layout_cave_pools, minmay_misc_feat_x, uniq_blork_the_orc, uniq_pikel
D:6:      layout_basic, mainiacjoe_overflow_catch_the_wave,
          minmay_misc_feat_pillars, minivault_24, uniq_crazy_yiuf_cottage
D:7:      layout_rooms, nicolae_yredelemnul_ghost_church,
          minmay_temple_entry_ruins, chequers_ossuary_entry_cave,
          corexii_corridor_pit, uniq_menkaure
D:8:      layout_loops_cross, enter_bailey_5, uniq_amaemon
D:9:      layout_cave_pools, minmay_guarded_unrand_finisher
D:10:     layout_loops_ring, vehumet_crystals, erik_lair_dragon, serial_shops,
          shop, uniq_harold, uniq_snorg, uniq_fannar
D:11:     layout_loops_ring
D:12:     minmay_expanding_circles, layout_rooms, orc_0_dummy, chequers_garden
D:13:     layout_irregular_city, erik_vaults_1
D:14:     layout_roguey, portal_ice_cave_entry_ice_simulacra,
          kennysheep_pointless_box, solitary_fountain, drop_trap
Lair:1:   layout_small_grid
Lair:2:   layout_gridlike
Lair:3:   layout_loops_ring, hellmonk_spider_entry_life_and_decay
Lair:4:   beast_lair_carwin_large_1, layout_layer_cave, elwin_shoals_entry_rooms
Lair:5:   layout_loops_ring, dpeg_slime_entry_enclosed,
          chequers_serial_rivers_micro_e, grunt_megastairs_4,
          infiniplex_staircase_pool
Lair:6:   minmay_lair_end_frog_pond, layout_layer_cave,
          grunt_forest_stairs_basic, chequers_serial_rivers_micro_d,
          grunt_forest_large_clearings, serial_bayou_shore_b, uniq_josephine

Skill      XL: |  1  2  3  4  5  6  7  8  9 10 11 12 13 14 |
---------------+-------------------------------------------+-----
Axes           | 3 4 5 6 8 9 12 14 16 18 | 18.0
Fighting       | 4 5 6 7 8 10 11 13 15 17 | 17.0
Armour         | 4 5 6 8 10 | 10.5
Shields        | 4 |  4.2
Invocations    | 1 2 4 5 8 9 11 16 19 21 | 21.2

Action                   |  1- 3 |  4- 6 |  7- 9 | 10-12 | 13-15 || total
-------------------------+-------+-------+-------+-------+-------++-------
Melee: War axe           |    32 |       |       |       |       ||    32
       Broad axe         |    37 |   130 |   266 |   373 |   357 ||  1163
Invok: Convert to Beogh  |       |     1 |       |       |       ||     1
       Give Item to Name |       |       |       |     2 |     1 ||     3
       Recall Orcish Fol |       |       |       |     1 |     2 ||     3
       Stop Recall       |       |       |       |     1 |       ||     1
       Smiting           |       |       |       |       |     6 ||     6
Evoke: Wand              |       |       |       |     1 |       ||     1
  Use: Scroll            |     2 |       |    14 |    12 |     5 ||    33
 Stab: Distracted        |       |       |       |     3 |     5 ||     8
Armor: Scale mail        |    22 |       |       |       |       ||    22
       Plate armour      |    21 |    82 |   187 |   187 |   203 ||   680
Dodge: Dodged            |    43 |    59 |    88 |   112 |   136 ||   438
Block: Buckler           |    11 |    35 |    41 |    80 |    49 ||   216
       Reflection        |       |     1 |     2 |     3 |     2 ||     8

Table legend: (Time is in decaauts)
 A = Elapsed time spent in this place.
 B = Non-inter-level travel time spent in this place.
 C = Inter-level travel time spent in this place.
 D = Time resting spent in this place.
 E = Time spent auto-exploring this place.
 F = Levels seen in this place.
 G = Mean time per level.
                   A        B        C        D        E       F      G
               +--------+--------+--------+--------+--------+-----+--------+
         Total |  17589 |  16938 |    651 |   1968 |   9193 |  22 |  799.5 |
       Dungeon |  11324 |  10885 |    439 |   1590 |   5467 |  14 |  808.9 |
          Lair |   5562 |   5350 |    212 |    315 |   3592 |   6 |  927.0 |
       Ossuary |    242 |    242 |      0 |      0 |     80 |   1 |  242.0 |
        Bailey |    460 |    460 |      0 |     63 |     54 |   1 |  460.0 |
               +--------+--------+--------+--------+--------+-----+--------+

Top non-repeatable levels by time:
     D:6: 1346 daAuts
  Lair:6: 1299 daAuts
    D:10: 1209 daAuts
  Lair:4: 1144 daAuts
     D:2: 1020 daAuts
     D:3: 985 daAuts
     D:8: 950 daAuts
     D:4: 873 daAuts
     D:5: 829 daAuts
     D:9: 809 daAuts
  Lair:3: 806 daAuts
  Lair:2: 798 daAuts
    D:11: 792 daAuts
  Lair:5: 762 daAuts
  Lair:1: 751 daAuts
